AoeStats
← Pepim14

Nomad

507804550Analyzed
3v3 RM · 12d ago on Sep 19, 2026· 40m 56s· 6 players
Game mode
Random Map
Map size
210×210
Population
200
Speed
Normal
Resources
Standard
Victory
Conquest
Starting age
Dark Age
Ending age
Imperial Age
RankedLock teamsTeams togetherTeam positionsShared explorationLock speedFull tech treeHidden civsTurbo modeCheats
Victory
Defeat
🇺🇸 Malay · United States
1201
+14
🇫🇮 Goths · Finland
1130
+17
🇫🇮 Maya · Finland
1062
+19
🇦🇷 Spanish · Argentina
1237
-20
🇦🇷 Wu · Argentina
1118
-16
🇦🇷 Koreans · Argentina
1091
-14
Chamango
4:06 Loom
13:11 Feudal Age
14:59 Fishing Lines
23:11 Castle Age
25:38 Medium Warships
25:34 Gold Mining
32:03 Imperial Age
37:25 Stone Mining
_I_Me262_I_
2:53 Loom
12:55 Feudal Age
13:37 Man-at-Arms
15:51 Double-Bit Axe
21:03 Castle Age
19:12 Stone Mining
19:37 Scale Mail Armor
20:01 Gold Mining
20:44 Forging
22:03 Wheelbarrow
21:42 Long Swordsman
22:36 Squires
25:06 Iron Casting
25:17 Horse Collar
30:09 Heavy Plow
34:31 Imperial Age
32:40 Hand Cart
33:19 Bow Saw
33:27 Chain Mail Armor
34:08 Anarchy
35:36 Conscription
36:19 Blast Furnace
36:58 Two-Man Saw
36:15 Elite Huskarl
Open sesame
4:28 Loom
14:51 Feudal Age
15:19 Double-Bit Axe
19:24 Castle Age
17:33 Scale Mail Armor
17:46 Forging
18:03 Gold Mining
18:56 Arson
19:37 Eagle Warrior
20:37 Chain Mail Armor
20:49 Squires
23:51 Wheelbarrow
25:08 Horse Collar
27:30 Iron Casting
32:52 Hand Cart
35:15 Imperial Age
36:32 Plate Mail Armor
37:03 Blast Furnace
35:54 Elite Eagle Warrior
Pepim14
5:13 Loom
14:25 Feudal Age
15:04 Town Watch
15:06 Double-Bit Axe
16:02 Fishing Lines
16:39 Man-at-Arms
17:06 Arson
21:10 Wheelbarrow
25:18 Castle Age
24:15 Gold Mining
26:37 Bow Saw
27:10 Hand Cart
31:10 Long Swordsman
31:52 Squires
34:56 Scale Mail Armor
franb89
3:08 Loom
14:13 Feudal Age
23:00 Castle Age
20:54 Stone Mining
20:56 Fletching
21:26 Fishing Lines
22:23 Gold Mining
23:09 Double-Bit Axe
32:24 Wheelbarrow
34:38 Eupseong
38:10 Imperial Age
37:58 Elite Skirmisher
40:25 Chemistry
MorsaSdE
13:25 Feudal Age
16:46 Loom
19:17 Castle Age
19:10 Double-Bit Axe
20:23 Padded Archer Armor
Connection lost

Rejoining the realm…

Still unreachable

The connection could not be restored.

Session expired

The server has moved on; the page needs a fresh start.